[Event "Titled Tuesday Blitz January 10 Early 2023"]
[White "Osinovsky, Stepan"]
[Black "Samaganova, Aleksandra"]
[WhiteFideId "4157354"]
[BlackFideId "13800221"]
[WhiteElo "2241"]
[BlackElo "1856"]
[Result "1-0"]
[Round "07"]
[TimeControl "180+2"]
[Date "2023.01.10"]
[WhiteClock "0:02:15"]
[BlackClock "0:02:39"]

1. Nf3 c5 2. g3 Nc6 3. Bg2 g6 4. O-O Bg7 5. d3 e6 6. Nbd2 Nge7 7. e4 O-O 8. h4 h6 9. Re1 d5 10. e5 Rb8 11. Qe2 b5 12. Nf1 b4 13. h5 g5 14. N1h2 Nf5 15. Ng4 1-0


[Site "https://www.chess.com"]

[Event "Titled Tuesday Blitz January 10 Early 2023"]
[White "Aspire_ie"]
[Black "Abdilkhair, Abilmansur"]
[BlackFideId "13716417"]
[WhiteElo "2307"]
[BlackElo "2268"]
[Result "1-0"]
[Round "07"]
[TimeControl "180+2"]
[Date "2023.01.10"]
[WhiteClock "0:00:04"]
[BlackClock "0:00:08"]

1. e4 e5 2. Nf3 Nc6 3. Bb5 a6 4. Ba4 Nf6 5. O-O b5 6. Bb3 Be7 7. Re1 O-O 8. a4 b4 9. c3 Rb8 10. d4 bxc3 11. bxc3 exd4 12. cxd4 d5 13. e5 Ne4 14. Nbd2 Bg4 15. Bc2 Nxd4 16. Nxe4 Nxc2 17. Qxc2 dxe4 18. Qxe4 Be6 19. Bf4 Bd5 20. Qe2 Qd7 21. Red1 Rfd8 22. Bg3 Qg4 23. Nd4 Qxe2 24. Nxe2 c6 25. Rab1 Rb4 26. Nc3 Rdb8 27. Rxb4 Rxb4 28. h3 Rb3 29. Nxd5 cxd5 30. Rxd5 g6 31. Rd7 Bb4 32. Bh4 Kg7 33. Bf6+ Kh6 34. Rxf7 Bc5 35. g4 g5 36. Rg7 Bd4 37. Rxg5 Rb2 38. Rh5+ Kg6 39. Rf5 Kf7 40. Bh8+ Ke6 41. Rf6+ Kd5 42. Rd6+ Ke4 43. Rxd4+ Kf3 44. Rd3+ Ke4 45. Re3+ Kf4 46. e6 Rb1+ 47. Kg2 Rb8 48. Bg7 Rg8 49. e7 Rxg7 50. e8=Q Rc7 51. Qe5# 1-0


[Site "https://www.chess.com"]

[Event "Titled Tuesday Blitz January 10 Early 2023"]
[White "Sanchez, Robert"]
[Black "Ciuffoletti, Paolo"]
[WhiteFideId "2034360"]
[BlackFideId "807630"]
[WhiteElo "1966"]
[BlackElo "2106"]
[Result "1-0"]
[Round "07"]
[TimeControl "180+2"]
[Date "2023.01.10"]
[WhiteClock "0:03:04"]
[BlackClock "0:02:22"]

1. e4 c5 2. Nf3 Nc6 3. d4 cxd4 4. Nxd4 Nf6 5. Nc3 e5 6. Ndb5 d6 7. Bg5 a6 8. Bxf6 gxf6 9. Na3 b5 10. Nd5 f5 11. Bd3 Be6 12. c4 b4 13. Nc2 a5 14. exf5 Bxd5 15. cxd5 Ne7 16. Bb5+ 1-0


[Site "https://www.chess.com"]

[Event "Titled Tuesday Blitz January 10 Early 2023"]
[White "Gracia Alvarez, Gerardo Antonio"]
[Black "Thiel, Thomas"]
[WhiteFideId "5109124"]
[BlackFideId "4615964"]
[WhiteElo "2238"]
[BlackElo "2234"]
[Result "1-0"]
[Round "07"]
[TimeControl "180+2"]
[Date "2023.01.10"]
[WhiteClock "0:00:18"]
[BlackClock "0:00:03"]

1. d4 Nf6 2. Bf4 d5 3. Nf3 c5 4. e3 Nc6 5. Nbd2 Qb6 6. dxc5 Qxb2 7. Rb1 Qc3 8. Bb5 Bd7 9. O-O e6 10. e4 dxe4 11. Nc4 exf3 12. Be3 fxg2 13. Re1 Ne5 14. Rb3 Qxc4 15. Bxc4 Nxc4 16. Rxb7 Nxe3 17. Rxe3 Bxc5 18. Rc3 Bb6 19. Rg3 Bc6 20. Rxb6 axb6 21. Qd6 Bd5 22. Rxg7 Rxa2 23. Qe5 Rxc2 24. f3 Nd7 25. Qh5 Rf8 26. Qxh7 Ne5 27. Qxc2 Nxf3+ 28. Kf2 1-0


[Site "https://www.chess.com"]

[Event "Titled Tuesday Blitz January 10 Early 2023"]
[White "Hartikainen, Jarmo"]
[Black "Donskov, Anatoly"]
[WhiteFideId "503134"]
[BlackFideId "24143413"]
[WhiteElo "2108"]
[BlackElo "2279"]
[Result "0-1"]
[Round "07"]
[TimeControl "180+2"]
[Date "2023.01.10"]
[WhiteClock "0:00:08"]
[BlackClock "0:00:17"]

1. e4 c5 2. c3 d5 3. exd5 Qxd5 4. d4 Nf6 5. Nf3 e6 6. Na3 a6 7. Nc4 Nbd7 8. Be3 b5 9. Nce5 Bb7 10. Be2 Be7 11. O-O O-O 12. dxc5 Nxe5 13. Qxd5 Nxd5 14. Nxe5 Nxe3 15. c6 Nxf1 16. cxb7 Ra7 17. Bf3 Nd2 18. Bc6 Nc4 19. Nd7 Bd6 20. Nxf8 Kxf8 21. b3 Na5 22. Rd1 Ke7 23. Be4 Nxb7 24. h4 Nc5 25. Bxh7 g6 26. h5 gxh5 27. Rd4 Rc7 28. Rh4 Nd7 29. Rh3 Nf6 30. Bc2 Be5 31. f3 Rxc3 32. Be4 Bd4+ 33. Kh2 Nxe4 34. fxe4 Rxh3+ 35. Kxh3 f5 36. exf5 exf5 37. Kh4 Be5 38. Kxh5 Bg3 39. Kg5 f4 40. Kf5 Kd6 41. Ke4 Kc5 42. a3 a5 43. Kd3 a4 44. b4+ Kd5 45. Kd2 Kc4 46. Kc2 Bf2 47. Kb2 Kd3 48. Kc1 Kc3 49. Kd1 Kb3 50. Ke2 Bg3 51. Kd3 Kxa3 52. Kc3 Ka2 53. Kc2 a3 54. Kc3 Kb1 55. Kb3 a2 56. Kc3 a1=Q+ 57. Kb3 Qa2+ 58. Kc3 Qc4+ 59. Kd2 Qxb4+ 60. Ke2 Qc4+ 61. Kf3 Qd3+ 62. Kg4 Kc2 63. Kh3 f3 64. gxf3 Bd6 65. Kg4 b4 66. f4 b3 67. f5 b2 68. f6 b1=Q 69. f7 Qg1+ 0-1


[Site "https://www.chess.com"]

[Event "Titled Tuesday Blitz January 10 Early 2023"]
[White "AidenRchess"]
[Black "Simonovic, Miroslav"]
[BlackFideId "919152"]
[WhiteElo "2385"]
[BlackElo "2082"]
[Result "0-1"]
[Round "07"]
[TimeControl "180+2"]
[Date "2023.01.10"]
[WhiteClock "0:00:07"]
[BlackClock "0:00:13"]

1. e4 c5 2. Nf3 Nc6 3. d4 cxd4 4. Nxd4 a6 5. c4 e5 6. Nf5 d6 7. Ne3 Nf6 8. Nc3 Be7 9. Bd3 O-O 10. O-O Nd4 11. b4 Bd7 12. a4 Rb8 13. a5 Be6 14. Ba3 Qc7 15. Rc1 Rbc8 16. h3 Qd7 17. Kh2 Rc7 18. Ne2 Nxe2 19. Qxe2 Rfc8 20. Rc3 d5 21. exd5 Nxd5 22. cxd5 Rxc3 23. dxe6 Qxd3 24. exf7+ Kxf7 25. Qh5+ Kg8 26. Qg4 Bf6 27. Rd1 Qg6 28. Qe6+ Qf7 29. Qg4 h5 30. Qf5 g6 31. Qe4 Rxa3 32. Rd6 Rc6 33. Rd1 Bg7 34. Rd8+ Kh7 35. Nd5 Qxf2 36. Ne7 Qg3+ 37. Kg1 Ra1+ 38. Rd1 Rxd1+ 39. Qe1 Rxe1# 0-1


[Site "https://www.chess.com"]

[Event "Titled Tuesday Blitz January 10 Early 2023"]
[White "Luukkonen, Tommi"]
[Black "Rosh Jain"]
[WhiteFideId "501808"]
[BlackFideId "25789465"]
[WhiteElo "2292"]
[BlackElo "2248"]
[Result "1-0"]
[Round "07"]
[TimeControl "180+2"]
[Date "2023.01.10"]
[WhiteClock "0:00:03"]
[BlackClock "0:00:01"]

1. e4 c5 2. Nf3 d6 3. d4 cxd4 4. Nxd4 Nf6 5. Nc3 a6 6. Bc4 e6 7. Be3 b5 8. Bb3 Be7 9. a3 Bb7 10. f3 O-O 11. Qe2 Nbd7 12. O-O-O Rc8 13. Kb1 Nc5 14. Ba2 Qc7 15. g4 Nfd7 16. h4 Nb6 17. g5 d5 18. exd5 Nxd5 19. Nxd5 Bxd5 20. Bxd5 exd5 21. Nf5 Rfe8 22. Rxd5 Na4 23. Qd2 Bf8 24. Rd1 Qc6 25. h5 Bxa3 26. bxa3 Nc3+ 27. Ka1 Nxd5 28. Qxd5 Qc3+ 29. Kb1 Qxc2+ 30. Ka1 Qc3+ 31. Kb1 Qc2+ 32. Ka1 b4 33. Qd2 Qa4 34. Bd4 Qxa3+ 35. Qa2 Qxf3 36. Qb1 Re2 37. Bb2 Qb3 38. Rf1 Qa4+ 39. Qa2 Qxa2+ 40. Kxa2 Rcc2 41. Rb1 a5 42. Kb3 Kf8 43. Nd4 a4+ 44. Ka2 1-0


[Site "https://www.chess.com"]

[Event "Titled Tuesday Blitz January 10 Early 2023"]
[White "Kuznecovs, Nikita"]
[Black "Kovacevic, Radmila"]
[WhiteFideId "11604557"]
[BlackFideId "933171"]
[WhiteElo "2287"]
[BlackElo "2106"]
[Result "1-0"]
[Round "07"]
[TimeControl "180+2"]
[Date "2023.01.10"]
[WhiteClock "0:00:37"]
[BlackClock "0:00:21"]

1. Nf3 d5 2. c4 dxc4 3. Na3 c5 4. Nxc4 Nc6 5. g3 Be6 6. Ne3 h6 7. Ng2 g5 8. h4 Bg7 9. hxg5 hxg5 10. Rxh8 Bxh8 11. Nxg5 Bd5 12. Nf4 e6 13. Nxd5 exd5 14. d3 Bxb2 15. Bxb2 Qxg5 16. Qb3 Nge7 17. Bg2 Rd8 18. Qa4 d4 19. Bc1 Qf6 20. Bf4 Rd7 21. Bf3 Nd5 22. Bd2 Nc3 23. Qc4 Re7 24. Kf1 Ne5 25. Qxc5 Nxf3 26. Qc8# 1-0


[Site "https://www.chess.com"]

[Event "Titled Tuesday Blitz January 10 Early 2023"]
[White "Kho, Darrell"]
[Black "Buscar, Michael"]
[WhiteFideId "1019317"]
[BlackFideId "2603616"]
[WhiteElo "2075"]
[BlackElo "2041"]
[Result "1-0"]
[Round "07"]
[TimeControl "180+2"]
[Date "2023.01.10"]
[WhiteClock "0:01:05"]
[BlackClock "0:02:16"]

1. e4 c5 2. Nf3 Nc6 3. Bb5 Nf6 4. e5 Nd5 5. Nc3 Nc7 6. Bxc6 bxc6 7. O-O g6 8. Re1 Bg7 9. Ne4 Ne6 10. d3 d5 11. exd6 exd6 12. Bg5 Nxg5 13. Nf6+ Kf8 14. Re8+ Qxe8 15. Nxe8 Nxf3+ 16. Qxf3 Kxe8 17. Qxc6+ 1-0


[Site "https://www.chess.com"]

[Event "Titled Tuesday Blitz January 10 Early 2023"]
[White "Horcajuelo Rocamora, Martin"]
[Black "ritanovikova"]
[WhiteFideId "24573027"]
[WhiteElo "2107"]
[BlackElo "2112"]
[Result "1-0"]
[Round "07"]
[TimeControl "180+2"]
[Date "2023.01.10"]
[WhiteClock "0:01:32"]
[BlackClock "0:00:38"]

1. Nf3 Nf6 2. b3 g6 3. Bb2 Bg7 4. e3 O-O 5. d4 c5 6. Bd3 cxd4 7. exd4 d5 8. O-O Bg4 9. Nbd2 Nc6 10. h3 Bf5 11. Bxf5 gxf5 12. Ne5 Nxe5 13. dxe5 Ne4 14. Nf3 e6 15. Qe2 Qb6 16. Rfc1 Rac8 17. Bd4 Qa5 18. c4 Qa6 19. g4 fxg4 20. hxg4 Rc6 21. Re1 Rfc8 22. Kg2 Qa5 23. Red1 b5 24. cxb5 Rc2 25. Qf1 Rxa2 26. Rxa2 Qxa2 27. Ra1 Qxb3 28. Rxa7 Qxf3+ 29. Kxf3 Nd2+ 30. Kg2 Nxf1 31. Kxf1 Rc1+ 32. Kg2 Bf8 33. b6 Rb1 34. Rc7 Kg7 35. b7 Kg6 36. Ba7 1-0


[Site "https://www.chess.com"]

[Event "Titled Tuesday Blitz January 10 Early 2023"]
[White "Lehtosaari, Mauri"]
[Black "Langner, Ladislav"]
[WhiteFideId "501999"]
[BlackFideId "300403"]
[WhiteElo "2176"]
[BlackElo "2368"]
[Result "1-0"]
[Round "07"]
[TimeControl "180+2"]
[Date "2023.01.10"]
[WhiteClock "0:00:14"]
[BlackClock "0:00:12"]

1. d4 Nf6 2. Nf3 g6 3. Bg5 Bg7 4. Bxf6 Bxf6 5. e3 d5 6. Be2 c5 7. O-O Nc6 8. c3 b6 9. dxc5 bxc5 10. Nbd2 O-O 11. Qa4 Bd7 12. Qc2 Rb8 13. Rab1 Qa5 14. a3 c4 15. e4 dxe4 16. Nxe4 Bf5 17. Bxc4 Rfd8 18. Rfe1 Ne5 19. Nxe5 Bxe5 20. b4 Qc7 21. Qb3 Bxh2+ 22. Kh1 e6 23. Rb2 Be5 24. Rbe2 Rbc8 25. Nc5 Bd6 26. Ba6 Rb8 27. Ne4 Be7 28. c4 Qf4 29. Ng3 Rd3 30. Qb2 Qh4+ 31. Kg1 Bf6 32. Nxf5 gxf5 33. Qc2 Rbd8 34. c5 f4 35. Bxd3 f3 36. gxf3 Bg5 37. Re4 Bf4 38. Rxf4 Qxf4 39. Re4 Qxf3 40. Be2 Qh3 41. Rg4+ Kf8 42. Rg3 Qh4 43. Bf1 Rd4 44. c6 Rg4 45. c7 Rxg3+ 46. fxg3 Qxg3+ 47. Bg2 Qe3+ 48. Kf1 Qf4+ 49. Ke1 Qe3+ 50. Kd1 Qg1+ 51. Kd2 Qxg2+ 52. Kc1 Qg5+ 53. Kb1 Qg1+ 54. Ka2 Kg7 55. c8=Q Qd4 56. Q8c3 e5 57. Qxd4 exd4 58. Qe4 1-0


[Site "https://www.chess.com"]

[Event "Titled Tuesday Blitz January 10 Early 2023"]
[White "Flores Quillas, Diego Saul Rodri"]
[Black "Cruz Gomez, Miguel Angel"]
[WhiteFideId "3822508"]
[BlackFideId "5137160"]
[WhiteElo "2359"]
[BlackElo "1950"]
[Result "1-0"]
[Round "07"]
[TimeControl "180+2"]
[Date "2023.01.10"]
[WhiteClock "0:00:43"]
[BlackClock "0:01:08"]

1. e4 c5 2. Nf3 e6 3. d4 cxd4 4. Nxd4 Nc6 5. Nc3 Qc7 6. g3 a6 7. Bg2 Nge7 8. O-O Nxd4 9. Qxd4 Nc6 10. Qd3 Ne5 11. Qe2 b5 12. a4 b4 13. Nb1 Bb7 14. f4 Bc5+ 15. Kh1 Ng6 16. Nd2 h5 17. e5 h4 18. g4 h3 19. Bxb7 Qxb7+ 20. Qe4 d5 21. exd6 Qxe4+ 22. Nxe4 Rc8 23. f5 exf5 24. gxf5 Ne5 25. Bf4 f6 26. Bxe5 fxe5 27. f6 gxf6 28. Rxf6 Rh4 29. Rd1 Rd8 30. Nxc5 1-0


[Site "https://www.chess.com"]

[Event "Titled Tuesday Blitz January 10 Early 2023"]
[White "Bove, Alessandro"]
[Black "Arencibia Monduy, Antonio"]
[WhiteFideId "814121"]
[BlackFideId "3507939"]
[WhiteElo "2311"]
[BlackElo "2122"]
[Result "1-0"]
[Round "07"]
[TimeControl "180+2"]
[Date "2023.01.10"]
[WhiteClock "0:00:24"]
[BlackClock "0:00:01"]

1. d4 Nf6 2. Nf3 d6 3. b3 g6 4. Bb2 Bg7 5. Nbd2 O-O 6. e3 c6 7. h4 h5 8. Bd3 Re8 9. Ng5 e5 10. dxe5 dxe5 11. Bc4 Re7 12. Ndf3 Qxd1+ 13. Rxd1 Nbd7 14. Nxf7 Rxf7 15. Ng5 Nd5 16. e4 b5 17. exd5 bxc4 18. Nxf7 Kxf7 19. dxc6 Nb6 20. Rd8 Bf6 21. c7 Bb7 22. Rxa8 Nxa8 23. bxc4 Nxc7 24. O-O Ba6 25. Rd1 Ke6 26. c5 Nd5 27. g3 Bc4 28. a3 a5 29. Re1 Kf5 30. Kg2 a4 31. Ba1 Bb5 32. Rb1 Bc6 33. Kg1 e4 34. Bxf6 Kxf6 35. Rb8 Ke5 36. Rg8 Ne7 37. Rg7 Kf6 38. Rh7 Bd5 39. Kf1 Bg8 40. Rh8 Kg7 41. Rxg8+ Kxg8 42. Ke2 Kf7 43. Ke3 Ke6 44. Kxe4 Nc6 45. f4 Na5 46. Kd4 Nc6+ 47. Kc4 Ne7 48. Kb5 Kd5 49. c4+ Kd4 50. c6 Nc8 51. c7 Kc3 52. c5 Kb3 53. Kc6 Kxa3 54. Kb7 Ne7 55. c8=Q Nxc8 56. Kxc8 Kb4 57. Kd7 a3 58. c6 a2 59. c7 a1=Q 60. c8=Q Qd4+ 61. Ke7 Qe4+ 62. Qe6 Qb7+ 63. Kf6 Qf3 64. Qd6+ 1-0


[Site "https://www.chess.com"]

[Event "Titled Tuesday Blitz January 10 Early 2023"]
[White "Papayan, Oleg"]
[Black "Mohota, Nisha"]
[WhiteFideId "4193911"]
[BlackFideId "5004330"]
[WhiteElo "2253"]
[BlackElo "2177"]
[Result "0-1"]
[Round "07"]
[TimeControl "180+2"]
[Date "2023.01.10"]
[WhiteClock "0:00:01"]
[BlackClock "0:00:06"]

1. e4 e5 2. Nf3 Nc6 3. Bb5 Nf6 4. O-O Nxe4 5. Re1 Nd6 6. Nxe5 Nxe5 7. Rxe5+ Be7 8. Bf1 O-O 9. d4 Ne8 10. d5 Bd6 11. Re1 b6 12. c4 Bb7 13. Nc3 f5 14. b3 Nf6 15. Bb2 Bxh2+ 16. Kxh2 Ng4+ 17. Kg3 Qg5 18. f4 Qg6 19. Kf3 Rae8 20. Bd3 Qh5 21. Kg3 Qh2+ 22. Kf3 Qh5 23. Kg3 Rxe1 24. Qxe1 Re8 25. Ne4 fxe4 26. Bxe4 Nh6 27. Kf2 Nf5 28. Kg1 Nd6 0-1


[Site "https://www.chess.com"]

[Event "Titled Tuesday Blitz January 10 Early 2023"]
[White "Riverol, Jose"]
[Black "Forgacs, Attila Jr."]
[WhiteFideId "3000427"]
[BlackFideId "773654"]
[WhiteElo "2304"]
[BlackElo "2264"]
[Result "1-0"]
[Round "07"]
[TimeControl "180+2"]
[Date "2023.01.10"]
[WhiteClock "0:00:23"]
[BlackClock "0:00:01"]

1. d4 Nf6 2. c4 g6 3. Nc3 Bg7 4. e4 d6 5. Nf3 O-O 6. Be2 Nbd7 7. e5 dxe5 8. dxe5 Ne8 9. e6 fxe6 10. Ng5 Bxc3+ 11. bxc3 Ng7 12. O-O Nf6 13. Qxd8 Rxd8 14. Ba3 Kf8 15. Rad1 Bd7 16. Bf3 Bc6 17. Bxc6 bxc6 18. Rfe1 h6 19. Nf3 Rxd1 20. Rxd1 Ne4 21. Ne5 Nxc3 22. Nxg6+ Kf7 23. Ne5+ Kf6 24. Nd7+ Kf7 25. Ne5+ Kf6 26. Nd7+ Kg6 27. Ne5+ Kf5 28. Re1 Rd8 29. Nxc6 Rd2 30. Nxe7+ Kf6 31. Ng8+ Kg6 32. Ne7+ Kf7 33. Nc6 Rxa2 34. Bb4 Ne2+ 35. Kf1 Nf4 36. Ne5+ Ke8 37. g3 Nh3 38. Bc5 a5 39. Rb1 Rxf2+ 40. Bxf2 Ke7 41. Be3 Kd6 42. Nf3 Nf5 43. Ke2 c5 44. Rb6+ Kc7 45. Rxe6 a4 46. Ra6 Kb7 47. Rxa4 Nd6 48. Bxc5 Ne4 49. Bd4 1-0


[Site "https://www.chess.com"]

[Event "Titled Tuesday Blitz January 10 Early 2023"]
[White "Topalov, Aleksandar"]
[Black "Skurikhin, Dmitrij"]
[WhiteFideId "925659"]
[BlackFideId "4161297"]
[WhiteElo "2233"]
[BlackElo "2297"]
[Result "1-0"]
[Round "07"]
[TimeControl "180+2"]
[Date "2023.01.10"]
[WhiteClock "0:01:07"]
[BlackClock "0:00:44"]

1. b3 d5 2. Bb2 c5 3. e3 a6 4. f4 Nc6 5. Nf3 Bg4 6. Be2 Bxf3 7. Bxf3 e6 8. O-O Nf6 9. d3 Bd6 10. Nd2 Qc7 11. g3 h5 12. e4 dxe4 13. dxe4 Be7 14. Nc4 Rd8 15. Qe2 b5 16. Ne5 Nd4 17. Bxd4 cxd4 18. Rad1 h4 19. g4 Bd6 20. Nxf7 Kxf7 21. e5 Bc5 22. Rd3 Nd5 23. Be4 Ke7 24. Bg6 Nb4 25. f5 Nxd3 26. f6+ gxf6 27. exf6+ Kf8 28. cxd3 Qd6 29. g5 Rg8 30. Qh5 Rd7 31. Qh6+ Rdg7 32. fxg7+ Ke7 33. Bh7 Rd8 34. g8=Q Rxg8 35. Bxg8 Qe5 36. Qf6+ 1-0


[Site "https://www.chess.com"]

[Event "Titled Tuesday Blitz January 10 Early 2023"]
[White "Boraso, Alessio"]
[Black "Ivanova, Karina"]
[WhiteFideId "848077"]
[BlackFideId "24139750"]
[WhiteElo "2316"]
[BlackElo "2085"]
[Result "1-0"]
[Round "07"]
[TimeControl "180+2"]
[Date "2023.01.10"]
[WhiteClock "0:00:18"]
[BlackClock "0:00:04"]

1. e4 c6 2. d4 d5 3. Nc3 dxe4 4. f3 e5 5. dxe5 Qxd1+ 6. Nxd1 exf3 7. Nxf3 Bc5 8. Be3 Nd7 9. Bc4 Ne7 10. e6 fxe6 11. Bxe6 Bxe3 12. Nxe3 Ne5 13. Nxe5 Bxe6 14. O-O-O O-O 15. Rd2 Rad8 16. Rhd1 Rxd2 17. Rxd2 Nd5 18. Nxd5 Rf1+ 19. Rd1 Rxd1+ 20. Kxd1 Bxd5 21. g3 Kf8 22. c4 Be6 23. Kd2 Ke7 24. Ke3 Kd6 25. Ke4 c5 26. a3 a5 27. h4 h6 28. Kf4 g5+ 29. hxg5 hxg5+ 30. Ke4 b6 31. Nf3 Bxc4 32. Nxg5 Bg8 33. Nf3 b5 34. Kd3 b4 35. Nd2 bxa3 36. bxa3 Kc6 37. Kc3 Kb5 38. Ne4 Bd5 39. Nf6 Bf7 40. Ne4 Bd5 41. Nf6 Bf7 42. Nd7 Be6 43. Ne5 Ka4 44. Kb2 c4 45. g4 c3+ 46. Kxc3 Kxa3 47. g5 a4 48. g6 Ka2 49. g7 a3 50. Kc2 Bf5+ 51. Kc1 Be6 52. Nd3 Bg8 53. Nc5 Bf7 54. Kc2 Bg6+ 55. Nd3 1-0


[Site "https://www.chess.com"]

[Event "Titled Tuesday Blitz January 10 Early 2023"]
[White "Qashashvili, Alexandre"]
[Black "Guevara Sanchez, Erick Marvin"]
[WhiteFideId "13600842"]
[BlackFideId "6700136"]
[WhiteElo "2505"]
[BlackElo "2073"]
[Result "1-0"]
[Round "07"]
[TimeControl "180+2"]
[Date "2023.01.10"]
[WhiteClock "0:01:18"]
[BlackClock "0:00:45"]

1. e4 c5 2. Nc3 Nc6 3. Nf3 g6 4. Bb5 Bg7 5. Bxc6 dxc6 6. d3 Nf6 7. Be3 b6 8. Qd2 O-O 9. Bh6 Bg4 10. h4 Nh5 11. O-O-O Qd6 12. Bxg7 Kxg7 13. Qe3 b5 14. e5 Qc7 15. Qxc5 b4 16. Qxb4 Bxf3 17. gxf3 Qxe5 18. Qe4 Qf6 19. d4 Rfd8 20. Qe5 Rab8 21. Qxf6+ Nxf6 22. Rhe1 e6 23. Re5 Nd5 24. Nxd5 c5 25. Nc3 cxd4 26. Ne2 Rb4 27. Re4 Ra4 28. Rexd4 Rdxd4 29. Rxd4 Rxa2 30. c4 Ra1+ 31. Kc2 Rf1 32. c5 Rxf2 33. Kd2 Rxf3 34. c6 Rf5 35. Rc4 Rd5+ 36. Nd4 Rd8 37. c7 Rc8 38. Nb5 Kh6 39. Nxa7 Rxc7 40. Rxc7 f6 41. b4 Kh5 42. Rxh7+ Kg4 43. b5 f5 44. b6 f4 45. b7 f3 46. b8=Q f2 47. Ke2 e5 48. Qxe5 g5 49. Qxg5+ Kh3 50. Kxf2 Kh2 51. Qg2# 1-0


[Site "https://www.chess.com"]

[Event "Titled Tuesday Blitz January 10 Early 2023"]
[White "Cardozo Munar, Carlos Eduardo"]
[Black "Vifleemskaia, Svetlana"]
[WhiteFideId "4409477"]
[BlackFideId "4129490"]
[WhiteElo "2043"]
[BlackElo "1971"]
[Result "1-0"]
[Round "07"]
[TimeControl "180+2"]
[Date "2023.01.10"]
[WhiteClock "0:01:17"]
[BlackClock "0:00:01"]

1. d4 Nf6 2. Bg5 Ne4 3. h4 d5 4. Nd2 Bf5 5. e3 Nxd2 6. Qxd2 h6 7. Bf4 e6 8. Bd3 Bxd3 9. cxd3 Bd6 10. Ne2 c6 11. e4 Na6 12. a3 Nc7 13. Rc1 Qe7 14. b4 Bxf4 15. Nxf4 Nb5 16. Qb2 Qf6 17. Ne2 Rd8 18. a4 Nc7 19. b5 dxe4 20. dxe4 O-O 21. bxc6 bxc6 22. Rxc6 Ne8 23. e5 Qg6 24. Qc2 Qxg2 25. Rg1 Qf3 26. Rg3 Qh1+ 27. Rg1 Qxh4 28. Rc3 g6 29. Rcg3 Ng7 30. Rg4 Qe7 31. Qd2 Nf5 32. Qf4 Kh7 33. Rh1 Qb4+ 34. Kf1 Qc4 35. Rgh4 h5 36. Rxh5+ gxh5 37. Rxh5+ Kg8 38. Rg5+ Ng7 39. Qf6 1-0


[Site "https://www.chess.com"]

[Event "Titled Tuesday Blitz January 10 Early 2023"]
[White "Johnson, Ben"]
[Black "Matveeva, Olga"]
[WhiteFideId "2010917"]
[BlackFideId "24107018"]
[WhiteElo "1961"]
[BlackElo "2128"]
[Result "1-0"]
[Round "07"]
[TimeControl "180+2"]
[Date "2023.01.10"]
[WhiteClock "0:00:02"]
[BlackClock "0:00:01"]

1. Nf3 d5 2. e3 Nf6 3. c4 e6 4. b3 Be7 5. Bb2 O-O 6. Nc3 c5 7. cxd5 Nxd5 8. Qc2 Nc6 9. Be2 Ncb4 10. Qb1 Bf6 11. O-O b6 12. a3 Nc6 13. Bc4 Nxc3 14. Bxc3 Bb7 15. Bd3 g6 16. Be4 Rc8 17. Rd1 Qe7 18. Qb2 Bxc3 19. Qxc3 Rfd8 20. Rac1 Na5 21. Bxb7 Nxb7 22. Qe5 Rd5 23. Qe4 Rcd8 24. d3 Nd6 25. Qa4 Ne8 26. g3 Rxd3 27. Rxd3 Rxd3 28. Ne5 Rd2 29. Qc6 Nf6 30. b4 cxb4 31. axb4 Kg7 32. Qc8 Qd8 33. Qb7 Rd1+ 34. Rxd1 Qxd1+ 35. Kg2 Qd5+ 36. Qxd5 Nxd5 37. b5 Nc3 38. Kf3 Nxb5 39. Ke4 Kf6 40. Nc6 a5 41. Kd3 e5 42. Kc4 Nd6+ 43. Kd5 Nb7 44. Nxe5 Ke7 45. Nc4 b5 46. Nb6 a4 47. Kc6 a3 48. Nd5+ Ke6 49. Nb4 Na5+ 50. Kxb5 Nb3 51. Ka4 Nd2 52. Kxa3 Ne4 53. Nd3 Kd5 54. Kb3 f5 55. Kc2 1-0


[Site "https://www.chess.com"]

[Event "Titled Tuesday Blitz January 10 Early 2023"]
[White "Mrudul Dehankar"]
[Black "Fajdetic, Hrvoje"]
[WhiteFideId "25096990"]
[BlackFideId "14501945"]
[WhiteElo "2030"]
[BlackElo "2151"]
[Result "0-1"]
[Round "07"]
[TimeControl "180+2"]
[Date "2023.01.10"]
[WhiteClock "0:00:01"]
[BlackClock "0:00:27"]

1. e4 c5 2. Nf3 a6 3. d4 cxd4 4. Nxd4 Nf6 5. Bd3 e5 6. Nf3 Nc6 7. c4 Bb4+ 8. Bd2 Qa5 9. O-O O-O 10. a3 Bxd2 11. Nfxd2 Nd4 12. Nc3 Qb6 13. b4 d6 14. Kh1 Be6 15. Nd5 Bxd5 16. cxd5 Rfc8 17. Nc4 Qd8 18. Ne3 Rc3 19. Bb1 Rac8 20. Ra2 g6 21. Qd2 Nh5 22. Nd1 Rc1 23. Ne3 Rxf1+ 24. Nxf1 Nf4 25. g3 Nfe2 26. Rb2 Qf6 27. Qe3 Rc1 28. Kg2 Nc3 29. Bd3 Ra1 30. Qd2 Rxa3 31. f4 exf4 32. gxf4 Qh4 33. Ng3 Qg4 34. Qf2 Nd1 35. Be2 Nxf2 0-1


[Site "https://www.chess.com"]

[Event "Titled Tuesday Blitz January 10 Early 2023"]
[White "Prudnykova, Olga"]
[Black "Tuleyeva-Aketayeva, Dana"]
[WhiteFideId "14121093"]
[BlackFideId "13701932"]
[WhiteElo "2268"]
[BlackElo "2130"]
[Result "1-0"]
[Round "07"]
[TimeControl "180+2"]
[Date "2023.01.10"]
[WhiteClock "0:00:32"]
[BlackClock "0:00:06"]

1. e4 c5 2. Nf3 Nc6 3. Nc3 g6 4. d4 cxd4 5. Nxd4 Bg7 6. Nb3 d6 7. Be2 Nf6 8. O-O O-O 9. Re1 b6 10. Bf1 Bb7 11. f4 e6 12. a3 d5 13. e5 Nd7 14. Be3 a6 15. Nd4 Nxd4 16. Bxd4 Nc5 17. Qf3 Rc8 18. Rad1 Qc7 19. Ne2 Ne4 20. c3 b5 21. Nc1 Rfd8 22. Qe3 Re8 23. Nd3 Bf8 24. Nf2 Nxf2 25. Qxf2 Bc5 26. Bd3 Bxd4 27. cxd4 Qb6 28. g4 Rc7 29. f5 Rec8 30. Rf1 b4 31. a4 b3 32. fxg6 fxg6 33. Kh1 Rd7 34. Qf6 Rg7 35. Rf4 Qc7 36. Rdf1 Qd7 37. Qf8+ Rxf8 38. Rxf8# 1-0


[Site "https://www.chess.com"]

[Event "Titled Tuesday Blitz January 10 Early 2023"]
[White "Flis, Pawel"]
[Black "Guimaraes, Wagner Peixoto"]
[WhiteFideId "1112864"]
[BlackFideId "2100940"]
[WhiteElo "1879"]
[BlackElo "2194"]
[Result "1/2-1/2"]
[Round "07"]
[TimeControl "180+2"]
[Date "2023.01.10"]
[WhiteClock "0:00:06"]
[BlackClock "0:00:08"]

1. e4 c5 2. d4 cxd4 3. Nf3 Nf6 4. e5 Nd5 5. Qxd4 e6 6. c4 Nb4 7. Qd1 d6 8. a3 N4c6 9. exd6 Qxd6 10. Qxd6 Bxd6 11. Nc3 O-O 12. Nb5 Rd8 13. Nxd6 Rxd6 14. Bf4 e5 15. Be3 Bg4 16. Be2 Nd7 17. h3 Bxf3 18. Bxf3 Nd4 19. Bxd4 Rxd4 20. Be2 Nf6 21. O-O Rd2 22. Rfe1 e4 23. b4 h6 24. c5 Rad8 25. Rad1 Kf8 26. Rxd2 Rxd2 27. Bb5 Ra2 28. Re3 g6 29. c6 bxc6 30. Bxc6 Kg7 31. a4 Ra1+ 32. Kh2 Rf1 33. Re2 Rb1 34. b5 Ra1 35. Bxe4 Rxa4 36. Bc6 Rb4 37. Re7 Rb2 38. f3 Nh5 39. Bd5 Rxb5 40. Rxf7+ Kh8 41. Bc4 Rc5 42. Ba6 Rc6 43. Rxa7 Nf4 44. Rf7 g5 45. Bf1 Rc1 46. Kg1 Rc2 47. Ra7 Kg8 48. Rb7 Kf8 49. Rh7 Rc6 50. Ra7 Kg8 51. Rb7 Kf8 52. Ra7 Rd6 53. Rb7 Rf6 54. Ra7 Rd6 55. Rb7 Rf6 56. Ra7 Rd6 1/2-1/2


[Site "https://www.chess.com"]